 Dungeon Crawl Stone Soup version 0.27.1 (webtiles) character file.

Game seed: 11559387752879037862

163 Destapler the Magician (level 5, -3/43 HPs)
             Began as a Gnoll Wanderer on Aug 25, 2021.
             Was a Believer of Fedhas.
             Slain by a goblin (5 damage)
             ... led by Robin
             ... on level 3 of the Dungeon.
             The game lasted 00:09:10 (3389 turns).

Destapler the Magician (Gnoll Wanderer)             Turns: 3389, Time: 00:09:10

Health: -3/43      AC:  4    Str: 12    XL:     5   Next: 44%
Magic:  0/12       EV: 12    Int: 10    God:    Fedhas [**....]
Gold:   152        SH:  0    Dex: 13    Spells: 13/14 levels left

rFire    . . .     SeeInvis .   e - +1 short sword (elec)
rCold    . . .     Faith    .   (no shield)
rNeg     . . .     Spirit   +   c - +0 robe
rPois    +         Reflect  .   (no helmet)
rElec    .         Harm     .   (no cloak)
rCorr    .         Rampage  .   (no gloves)
Will     .....                  m - +1 pair of boots
Stlth    ++........             l - amulet of guardian spirit
HPRegen  0.14/turn              q - ring of poison resistance
MPRegen  0.13/turn              (no ring)

@: no status effects
A: fangs 1, strong nose, distributed training
a: Renounce Religion, Wall of Briars


You were on level 3 of the Dungeon.
You worshipped Fedhas.
Fedhas was pleased with you.
You visited 1 branch of the dungeon, and saw 3 of its levels.

You collected 152 gold pieces.

Inventory:

Hand Weapons
 a - a +2 short sword
 b - a +0 quarterstaff
 e - a +1 short sword of electrocution (weapon)
 h - a +1 dagger of speed
 o - a +0 whip of electrocution
Missiles
 k - a throwing net
 n - 15 boomerangs
Armour
 c - a +0 robe (worn)
 m - a +1 pair of boots (worn)
Jewellery
 l - an amulet of guardian spirit (around neck)
 q - a ring of poison resistance (left hand)
Scrolls
 j - a scroll of identify
Potions
 d - a potion of brilliance
 f - a potion of magic
 g - a potion of attraction {unknown}
 i - a potion of heal wounds
 p - a potion of berserk rage {unknown}


   Skills:
 + Level 4.8 Fighting
 + Level 3.0 Short Blades
 + Level 1.5 Long Blades
 + Level 1.5 Axes
 + Level 1.5 Maces & Flails
 + Level 1.5 Polearms
 + Level 1.5 Staves
 + Level 1.5 Slings
 + Level 1.5 Bows
 + Level 1.5 Crossbows
 + Level 1.5 Throwing
 + Level 1.5 Armour
 + Level 3.0 Dodging
 + Level 2.8 Stealth
 + Level 1.5 Shields
 + Level 1.5 Unarmed Combat
 + Level 5.2 Spellcasting
 + Level 1.2 Conjurations
 + Level 1.2 Hexes
 + Level 1.2 Summonings
 + Level 1.2 Necromancy
 + Level 2.4 Translocations
 + Level 1.2 Transmutations
 + Level 1.2 Fire Magic
 + Level 1.2 Ice Magic
 + Level 1.2 Air Magic
 + Level 1.2 Earth Magic
 + Level 1.2 Poison Magic
 + Level 1.7 Invocations
 + Level 4.8 Evocations


You had 13 spell levels left.
You knew the following spells:

 Your Spells              Type           Power      Damage    Failure   Level
a - Sandblast             Erth           10%        2d5       14%         1

Your spell library contained the following spells:

 Spells                   Type           Power      Damage    Failure   Level
 Gell's Gravitas          Tloc           3%         N/A       26%         3
 Lesser Beckoning         Tloc           3%         N/A       26%         3
 Teleport Other           Tloc           7%         N/A       26%         3
 Stone Arrow              Conj/Erth      10%        3d7       38%         3


Dungeon Overview and Level Annotations

Branches:
Dungeon (3/15)

Altars:
Fedhas

Annotations:
D:3 Robin


Innate Abilities, Weirdness & Mutations

You have very sharp teeth.
Your uncanny sense of smell can sniff out nearby items.
Your experience applies equally to all skills.


Message History

Unknown command.
You are too injured to fight recklessly!
Unknown command.
You are too injured to fight recklessly!
Unknown command.
You are too injured to fight recklessly!
Unknown command.
You are too injured to fight recklessly!
Unknown command.
You are too injured to fight recklessly!
Unknown command.
You are too injured to fight recklessly!
You closely miss Robin.
Robin is severely wounded.
Robin hits you with a +0 club.
* * * LOW HITPOINT WARNING * * *
The goblin barely misses you. The goblin hits you with a +0 club.
* * * LOW HITPOINT WARNING * * *
You hit Robin but do no damage. You bite Robin, but do no damage.
Robin is severely wounded.
Robin drinks a potion.
Robin is healed!
The goblin barely misses you. The goblin hits you with a +0 club.
* * * LOW HITPOINT WARNING * * *
You closely miss Robin. Robin hits you with a +0 club.
* * * LOW HITPOINT WARNING * * *
You hit Robin. Your bite misses Robin.
Robin is lightly wounded.
The goblin hits you with a +0 club.
* * * LOW HITPOINT WARNING * * *
The goblin barely misses you.
Robin's horned helmet rattles.
Robin barely misses you.
Press: ? - help, v - describe, . - travel The floor, spattered with blood.
As you read the scroll labelled AKIOSHR EXTAGH, it crumbles to dust.
It is a scroll of identify.
f - a potion of magic The goblin hits you with a +0 club.
You die...
Fedhas appreciates your contribution to the ecosystem.

###
#.######
#gg....#
#@####.#
###g# #.#
#####..g#
#.#########
# #.......#
#(........#
# #.....#.#
#########.#
# #######.#
#.### ..#.#
#.#.# #.#.#
#.#.. #.#.#
#.#.#


You could see Robin, a hobgoblin (strong) and 2 goblins.

Vanquished Creatures
  A hound (D:2)
  An iguana (D:3)
  4 gnolls
  An adder (D:3)
  A dart slug (D:3)
  5 ball pythons
  3 endoplasms (D:2)
  A giant cockroach (D:2)
  6 goblins
  5 hobgoblins
  4 jackals (D:2)
  3 quokkas
  8 bats
  A frilled lizard (D:1)
  7 kobolds
  7 rats
58 creatures vanquished.

Vanquished Creatures (others)
  3 fungi (D:2)
  4 plants (D:2)
7 creatures vanquished.

Grand Total: 65 creatures vanquished

Notes
Turn   | Place    | Note
-------+----------+-------------------------------------------
     0 | D:1      | Destapler the Gnoll Wanderer began the quest for the Orb.
     0 | D:1      | Destapler set off with the following items: a +2 short
                  | sword, a +0 quarterstaff, a +0 robe; and the following
                  | spell memorised: Sandblast; and the following spells
                  | available to memorise: Stone Arrow
     0 | D:1      | Reached XP level 1. HP: 20/20 MP: 6/6
   545 | D:1      | Reached XP level 2. HP: 24/26 MP: 7/7
  1055 | D:2      | Found a faded altar of an unknown god.
  1071 | D:2      | Reached skill level 5 in Spellcasting
  1071 | D:2      | Reached skill level 1 in Invocations
  1071 | D:2      | Reached XP level 3. HP: 14/31 MP: 2/9
  1075 | D:2      | Became a worshipper of Fedhas Madash
  1075 | D:2      | Reached * piety under Fedhas
  1279 | D:2      | Reached skill level 1 in Long Blades
  1279 | D:2      | Reached skill level 1 in Axes
  1279 | D:2      | Reached skill level 1 in Maces & Flails
  1279 | D:2      | Reached skill level 1 in Polearms
  1279 | D:2      | Reached skill level 1 in Staves
  1279 | D:2      | Reached skill level 1 in Slings
  1279 | D:2      | Reached skill level 1 in Bows
  1279 | D:2      | Reached skill level 1 in Crossbows
  1279 | D:2      | Reached skill level 1 in Throwing
  1279 | D:2      | Reached skill level 1 in Armour
  1279 | D:2      | Reached skill level 1 in Shields
  1279 | D:2      | Reached skill level 1 in Unarmed Combat
  1459 | D:2      | Reached XP level 4. HP: 38/38 MP: 11/11
  1891 | D:2      | Reached ** piety under Fedhas
  2143 | D:3      | Reached skill level 1 in Conjurations
  2143 | D:3      | Reached skill level 1 in Hexes
  2143 | D:3      | Reached skill level 1 in Summonings
  2143 | D:3      | Reached skill level 1 in Necromancy
  2143 | D:3      | Reached skill level 1 in Transmutations
  2143 | D:3      | Reached skill level 1 in Fire Magic
  2143 | D:3      | Reached skill level 1 in Ice Magic
  2143 | D:3      | Reached skill level 1 in Air Magic
  2143 | D:3      | Reached skill level 1 in Earth Magic
  2143 | D:3      | Reached skill level 1 in Poison Magic
  2630 | D:3      | Reached XP level 5. HP: 28/43 MP: 7/12
  3367 | D:3      | Noticed Robin
  3388 | D:3      | HP: 2/43 [goblin[Robin] (1)]
  3389 | D:3      | Slain by a goblin

Illustrated notes

Levels and vault maps discovered:
D:1:      heliophobic_arrival_glass_houses, layout_rooms,
          grunt_decor_mini_mirrors, minivault_5
D:2:      layout_loops_ring, dreamdust_ecumenical_altar_hidden_monk_grotto,
          minmay_misc_feat_hallway
D:3:      layout_basic, nicolae_overflow_hidden_temple, uniq_robin

Skill      XL: |  1  2  3  4  5 |
---------------+----------------+-----
Translocations | 2 |  2.4
Spellcasting   | 5 |  5.2
Invocations    | 1 |  1.7
Long Blades    | 1 |  1.5
Axes           | 1 |  1.5
Maces & Flails | 1 |  1.5
Polearms       | 1 |  1.5
Staves         | 1 |  1.5
Slings         | 1 |  1.5
Bows           | 1 |  1.5
Crossbows      | 1 |  1.5
Throwing       | 1 |  1.5
Armour         | 1 |  1.5
Shields        | 1 |  1.5
Unarmed Combat | 1 |  1.5
Conjurations   | 1 |  1.2
Hexes          | 1 |  1.2
Summonings     | 1 |  1.2
Necromancy     | 1 |  1.2
Transmutations | 1 |  1.2
Fire Magic     | 1 |  1.2
Ice Magic      | 1 |  1.2
Air Magic      | 1 |  1.2
Earth Magic    | 1 |  1.2
Poison Magic   | 1 |  1.2
Short Blades   | 3 |  3.0
Dodging        | 3 |  3.0
Fighting       | |  4.8
Stealth        | |  2.8
Evocations     | |  4.8

Action                   |  1- 3 |  4- 6 || total
-------------------------+-------+-------++-------
Melee: Short sword       |    85 |    75 ||   160
       Bite              |    10 |    10 ||    20
       Whip              |       |    27 ||    27
       Punch             |       |     1 ||     1
  Use: Potion            |     1 |       ||     1
       Scroll            |       |     5 ||     5
 Stab: Sleeping          |     2 |     5 ||     7
Armor: Robe              |    17 |    34 ||    51
Dodge: Dodged            |    52 |    78 ||   130
